 Dungeon Crawl Stone Soup version 0.20.1 (webtiles) character file.

401 Mesmaeker13 the Firebug (level 6, -7/32 HPs)
             Began as a Deep Elf Fire Elementalist on July 2, 2017.
             Mangled by an ogre
             ... wielding a +0 giant club
              (19 damage)
             ... on level 4 of the Dungeon.
             The game lasted 00:08:44 (3837 turns).

Mesmaeker13 the Firebug (DEFE)                      Turns: 3837, Time: 00:08:44

Health: -7/32      AC:  3    Str:  7    XL:     6   Next: 54%
Magic:  7/12       EV: 15    Int: 20    God:
Gold:   172        SH:  0    Dex: 15    Spells: 5/11 levels left

rFire    . . .     SeeInvis .   h - +1 dagger (speed)
rCold    . . .     Gourm    .   (no shield)
rNeg     . . .     Faith    .   a - +0 robe
rPois    .         Spirit   .   l - +0 helmet
rElec    .         Reflect  .   (no cloak)
rCorr    .         Harm     .   (no gloves)
MR       .....                  (no boots)
Stlth    ++........             u - amulet of regeneration
Regen    0.5/turn               (no ring)
MPRegen  0.2/turn               (no ring)

@: no status effects
A: no striking features
a: no special abilities


You were on level 4 of the Dungeon.
You were not hungry.

You visited 1 branch of the dungeon, and saw 4 of its levels.
You also visited: Sewer.

You collected 172 gold pieces.

Inventory:

Hand Weapons
 h - a +1 dagger of speed (weapon)
Armour
 a - a +0 robe (worn)
 l - a +0 helmet (worn)
 v - a +0 leather armour of magic resistance
 w - a cursed +0 buckler
Jewellery
 u - an amulet of regeneration (around neck)
Wands
 o - a wand of confusion (0/48)
Scrolls
 e - a scroll of amnesia
 g - a scroll of teleportation {unknown}
 k - 2 scrolls of remove curse
 m - 2 scrolls of magic mapping
 q - a scroll of immolation {unknown}
 r - a scroll of fear {unknown}
 s - 2 scrolls of recharging {unknown}
 A - a scroll of blinking {unknown}
 B - a scroll of enchant weapon {unknown}
Potions
 f - 3 potions of invisibility
 n - a potion of might
 p - a potion of flight {unknown}
 t - a potion of mutation {unknown}
 x - a potion of lignification {unknown}
Books
 b - a book of Flames

   Spells                             Type                      Level
   a - Flame Tongue                   Conjuration/Fire             1
   b - Throw Flame                    Conjuration/Fire             2
   c - Conjure Flame                  Conjuration/Fire             3
   d - Inner Flame                    Hexes/Fire                   3
   e - Sticky Flame                   Conjuration/Fire             4
   f - Fireball                       Conjuration/Fire             5
Comestibles
 c - 3 bread rations
 d - 11 fruits
 i - 3 meat rations
 j - 4 royal jellies
 z - 4 chunks of flesh


   Skills:
 + Level 5.1 Dodging
 - Level 2.4 Stealth
 - Level 3.0 Spellcasting
 + Level 4.2 Conjurations
 + Level 5.4 Fire Magic


You had 5 spell levels left.
You knew the following spells:

 Your Spells              Type           Power        Failure   Level  Hunger
a - Flame Tongue          Conj/Fire      ###..        1%          1    None
b - Throw Flame           Conj/Fire      ###...       3%          2    ##.....
c - Conjure Flame         Conj/Fire      ###.....     6%          3    ###....


Dungeon Overview and Level Annotations

Branches:
Dungeon (4/15)
 Temple: D:4-7

Altars:


Message History

The flame tongue hits the ogre.
The ogre is heavily wounded.
The ogre hits you with a giant club!!
Ouch! That really hurt!
Casting: Flame Tongue
Confirm with . or Enter, or press ? or * to list all spells.
Aiming: Flame Tongue
Press: ? - help, Shift-Dir - straight line, f/p - ogre
Aim: an ogre, wielding a giant club (heavily wounded)
The flame tongue misses the ogre.
The ogre barely misses you.
Casting: Flame Tongue
Confirm with . or Enter, or press ? or * to list all spells.
Aiming: Flame Tongue
Press: ? - help, Shift-Dir - straight line, f/p - ogre
Aim: an ogre, wielding a giant club (heavily wounded)
The flame tongue hits the ogre.
The ogre is almost dead.
The ogre hits you with a giant club!!
Ouch! That really hurt!
You die...

#.............#
#.............#
#.............# .#
#.............# .#
#.............# .#####
#.............# .....#
#.............# .....#
#............(#
.....####.......@)....#
........รท.......O.....#
.....###########.#.####
.....##<# ....#
........# # ##.#.#
.....####.#. ......
............ ....##
............ .....#
###........#


You could see an ogre.

Vanquished Creatures
  2 bullfrogs (Sewer)
  An orc wizard (D:3)
  Natasha (thrice) (D:2)
  A gnoll (D:1)
  8 adders
  2 worms
  A dart slug (D:2)
  5 leopard geckos
  3 orcs
  6 bats
  6 giant cockroaches
  7 hobgoblins
  3 quokkas
  A ball python (Sewer)
  13 frilled lizards
  4 goblins
  7 kobolds
  6 rats
79 creatures vanquished.

Notes
Turn   | Place    | Note
-------+----------+-------------------------------------------
     0 | D:1      | Mesmaeker13 the Deep Elf Fire Elementalist began the quest for the Orb.
     0 | D:1      | Reached XP level 1. HP: 10/10 MP: 6/6
   209 | D:1      | Reached XP level 2. HP: 15/15 MP: 2/8
   667 | D:1      | Reached XP level 3. HP: 18/19 MP: 4/9
  1038 | D:1      | Learned a level 2 spell: Throw Flame
  1313 | D:2      | Noticed Natasha
  1330 | D:2      | Killed Natasha
  1330 | D:2      | Reached XP level 4. HP: 6/24 MP: 4/10
  1744 | D:2      | Noticed Natasha
  1753 | D:2      | Killed Natasha
  1971 | D:2      | Noticed Natasha
  1977 | D:2      | Killed Natasha
  1977 | D:2      | Reached XP level 5. HP: 28/28 MP: 6/11
  2026 | D:3      | Learned a level 3 spell: Conjure Flame
  2996 | D:4      | Found a glowing drain.
  3007 | Sewer    | Entered a sewer
  3148 | Sewer    | Reached skill level 5 in Fire Magic
  3448 | Sewer    | Reached XP level 6. HP: 26/32 MP: 9/12
  3469 | Sewer    | Reached skill level 5 in Dodging
  3837 | D:4      | Mangled by an ogre

Skill      XL: |  1  2  3  4  5  6 |
---------------+-------------------+-----
Conjurations   | 2 3 4 |  4.2
Dodging        | 3 4 5 |  5.1
Fire Magic     | 4 5 |  5.4
Stealth        | |  2.4
Spellcasting   | |  3.0

Action                   |  1- 3 |  4- 6 || total
-------------------------+-------+-------++-------
Melee: Club              |    12 |       ||    12
       Dagger            |     5 |   109 ||   114
 Cast: Flame Tongue      |    33 |    60 ||    93
       Throw Flame       |     3 |    21 ||    24
Evoke: Wand              |       |     7 ||     7
  Use: Scroll            |     2 |     5 ||     7
 Stab: Sleeping          |     1 |       ||     1
  Eat: Chunk             |     1 |     8 ||     9
       Fruit             |       |     1 ||     1
Armor: Robe              |       |    15 ||    15
Dodge: Dodged            |    16 |    65 ||    81
